 Dungeon Crawl Stone Soup version 0.22-a0-833-g8522bf8125 (webtiles) character file.

228 Azzok the Digger (level 6, -5/32 HPs)
             Began as a Gargoyle Earth Elementalist on July 25, 2018.
             Killed by divine providence
             ... invoked by an orc priest
              (12 damage)
             ... on level 3 of the Dungeon.
             The game lasted 00:04:17 (3576 turns).

Azzok the Digger (Gargoyle Earth Elementalist)      Turns: 3576, Time: 00:04:17

Health: -5/32      AC:  7    Str: 11    XL:     6   Next: 2%
Magic:  14/18      EV: 12    Int: 18    God:
Gold:   199        SH:  0    Dex: 10    Spells: 5/9 levels left

rFire    . . .     SeeInvis .   n - +0 dagger (drain)
rCold    . . .     Gourm    .   (no shield)
rNeg     + . .     Faith    .   c - +0 robe
rPois    ∞         Spirit   .   (no helmet)
rElec    +         Reflect  .   e - +0 cloak
rCorr    .         Harm     .   (no gloves)
MR       .....                  (no boots)
Stlth    ++........             (no amulet)
HPRegen  0.10/turn              m - ring of magical power
MPRegen  0.16/turn              (no ring)

@: no status effects
A: negative energy resistance 1, electricity resistance, unbreathing,
petrification resistance, rot immunity, AC +4
a: no special abilities


You were on level 3 of the Dungeon.
You were not hungry.

You visited 1 branch of the dungeon, and saw 3 of its levels.

You collected 199 gold pieces.

Inventory:

Hand Weapons
 n - a +0 dagger of draining (weapon)
Missiles
 b - 99 stones (quivered)
Armour
 c - a +0 robe (worn)
 e - a +0 cloak (worn)
Jewellery
 m - a ring of magical power (left hand)
Scrolls
 a - 6 scrolls of identify {unknown}
 g - 3 scrolls of remove curse {unknown}
 h - 2 scrolls of magic mapping {unknown}
 j - 3 scrolls of teleportation {unknown}
 k - a scroll of enchant weapon {unknown}
 o - a scroll of noise {unknown}
 p - a scroll of enchant armour {unknown}
Potions
 f - a potion of cancellation {unknown}
 i - a potion of degeneration {unknown}
 l - 2 potions of curing {unknown}
Comestibles
 d - 5 rations
 q - a chunk of flesh


   Skills:
 - Level 1.5 Dodging
 - Level 2.1 Stealth
 - Level 2.0 Spellcasting
 + Level 3.0 Conjurations
   Level 0.7 Transmutations
 + Level 6.9 Earth Magic


You had 5 spell levels left.
You knew the following spells:

 Your Spells              Type           Power        Failure   Level  Hunger
a - Sandblast             Erth           ####..       1%          1    #......
b - Stone Arrow           Conj/Erth      ###...       7%          3    ###....

Your spell library contained the following spells:

 Spells                   Type           Power        Failure   Level  Hunger
 Passwall                 Tmut/Erth      ###.....     5%          2    ###....
 Lee's Rapid Deconstruct  Erth           ####......   28%         5    ######.
 Petrify                  Tmut/Erth      ###.....     36%         4    #####..


Dungeon Overview and Level Annotations

Branches:
Dungeon (3/15)

Altars:
Gozag
Uskayaw

Shops:
D:2 *


Innate Abilities, Weirdness & Mutations

You are resistant to torment.
Your stone body is resilient. (AC +4)
You are immune to poison.
You resist negative energy. (rN+)
You are resistant to electric shocks. (rElec)
You can survive without breathing.
You are immune to petrification.
You are immune to rotting.


Message History

An orc and an orc priest come into view.
An orc priest comes into view. It is wielding a dagger.
The orc shouts!
An orc comes into view.
Casting: Stone Arrow (safe; 7% risk of failure)
Confirm with . or Enter, or press ? or * to list all spells.
Aiming: Stone Arrow (safe; 7% risk of failure)
Press: ? - help, Shift-Dir - straight line, f - orc
Aim: an orc The stone arrow hits the orc.
You kill the orc!
The orc priest shouts!
The orc shouts!
The orc priest calls down the wrath of Beogh upon you.
Beogh smites you!
The orc priest mumbles some strange prayers to Beogh against you.
Beogh smites you!
* * * LOW HITPOINT WARNING * * *
The orc priest calls down the wrath of Beogh upon you.
Beogh smites you!
You die...

·▒··▒ ▒▒▒▒▒▒▒·▒···[··▒
▒··▒ ·╬··▒▒
▒▒▒▒▒▒·············▒ ▒···
·▒···▒
▒···········▒▒▒▒▒▒·▒▒▒▒··▒
·▒·▒·▒▒▒·▒▒▒▒·▒▒▒▒▒▒
▒·▒▒····▒ ·▒·······▒ ▒·▒
▒·▒▒·▒·▒▒ ▒▒·▒·▒▒▒▒▒ ▒·▒
▒···(▒·▒ ··▒▒·▒▒▒▒▒▒▒▒·▒
▒▒▒▒·▒·▒
▒·▒▒)·········▒▒▒▒▒ ▒·▒·▒
▒···············@·▒ ▒·▒·▒
▒·▒▒··▒▒▒▒▒▒▒▒▒▒▒·▒ ▒·▒··
▒·▒▒··▒ ▒·▒ ▒·▒▒▒ ▒·▒▒··▒
▒·▒ ▒·▒ ▒·▒▒··▒ ▒o▒ ·▒
▒·▒▒··▒ ▒·▒ ······▒ ▒o▒ ▒·
▒·▒ ·o▒ ··▒


You could see 2 orc priests and an orc.

Vanquished Creatures
  Jessica (D:2)
  Natasha (thrice) (D:2)
  4 adders
  A shadow imp (D:2)
  5 oozes
  2 dart slugs (D:1)
  3 worms (D:2)
  A leopard gecko (D:3)
  An orc (D:3)
  6 bats
  4 giant cockroaches
  5 goblins
  7 hobgoblins
  4 frilled lizards
  7 kobolds
  5 rats
59 creatures vanquished.

Notes
Turn   | Place    | Note
-------+----------+-------------------------------------------
     0 | D:1      | Azzok the Gargoyle Earth Elementalist began the quest for the Orb.
     0 | D:1      | Reached XP level 1. HP: 10/10 MP: 3/3
    79 | D:1      | Reached skill level 4 in Earth Magic
   109 | D:1      | Reached XP level 2. HP: 15/15 MP: 3/5
  1203 | D:2      | Reached skill level 5 in Earth Magic
  1203 | D:2      | Reached XP level 3. HP: 10/19 MP: 1/6
  1348 | D:2      | Learned a level 3 spell: Stone Arrow
  1567 | D:2      | Found an opulent altar of Gozag.
  1570 | D:2      | Found Gozag's Platinum Reserve.
  1955 | D:2      | Reached XP level 4. HP: 15/24 MP: 7/7
  2176 | D:2      | Noticed Natasha
  2182 | D:2      | Killed Natasha
  2182 | D:2      | Reached skill level 1 in Conjurations
  2182 | D:2      | Reached skill level 6 in Earth Magic
  2377 | D:2      | Noticed Natasha
  2384 | D:2      | Killed Natasha
  2480 | D:2      | Noticed Jessica
  2485 | D:2      | Killed Jessica
  2485 | D:2      | Reached XP level 5. HP: 28/28 MP: 8/8
  2528 | D:2      | Noticed Natasha
  2531 | D:2      | Killed Natasha
  3241 | D:3      | Found a hide-covered altar of Uskayaw.
  3424 | D:3      | Reached XP level 6. HP: 32/32 MP: 9/9
  3576 | D:3      | Killed from afar by an orc priest

Vault maps used:
D:1:      ncdulo_wetmaze, serial_forest, infiniplex_forest_lined_room_2,
          infiniplex_forest_clump_long, infiniplex_forest_clump_diagonal,
          infiniplex_forest_lined_corner, infiniplex_forest_end_1,
          infiniplex_forest_lined_3_way
D:2:      nicolae_gozag_zags_fifth_avenue, uniq_jessica, uniq_natasha
D:3:      minmay_fountain_box, lemuel_tele_altar

Skill      XL: |  1  2  3  4  5 |
---------------+----------------+-----
Earth Magic    | 4 5 6 |  6.9
Conjurations   | 2 3 |  3.0
Dodging        | |  1.5
Stealth        | |  2.1
Spellcasting   | |  2.0
Transmutations | |  0.7

Action                   |  1- 3 |  4- 6 || total
-------------------------+-------+-------++-------
Melee: Unarmed           |   141 |     3 ||   144
       Dagger            |       |     3 ||     3
 Cast: Sandblast         |    40 |     3 ||    43
       Stone Arrow       |       |    40 ||    40
 Stab: Sleeping          |     1 |       ||     1
  Eat: Chunk             |     4 |     7 ||    11
       Ration            |       |     1 ||     1
Armor: Robe              |    69 |     4 ||    73
Dodge: Dodged            |   159 |    16 ||   175

Table legend:
 A = Spawn XP
 B = Non-spawn XP
 C = Spawn XP percentage of total XP
 D = Spawn monster count
 E = Non-spawn monster count
 F = Spawn count percentage of total count
 G = Total turns spent on level
                    A         B        C        D         E        F      G
               +---------+---------+-------+---------+---------+-------+---------
         Total |       0 |     327 |   0.0 |       0 |      59 |   0.0 |  3576
               +---------+---------+-------+---------+---------+-------+---------
           D:1 |       0 |      29 |   0.0 |       0 |      16 |   0.0 |  1160
           D:2 |       0 |     248 |   0.0 |       0 |      31 |   0.0 |  1951
           D:3 |       0 |      50 |   0.0 |       0 |      12 |   0.0 |   465
               +---------+---------+-------+---------+---------+-------+---------
